 Dungeon Crawl Stone Soup version 0.22-a0-614-g34fbaa0 (webtiles) character file.

13592 zishaf the Severer (level 11, 0/107 HPs)
             Began as a Minotaur Berserker on July 20, 2018.
             Was a High Priest of Trog.
             Slain by a death yak (14 damage)
             ... on level 11 of the Dungeon.
             The game lasted 00:23:00 (10539 turns).

zishaf the Severer (Minotaur Berserker)            Turns: 10539, Time: 00:23:00

Health: 0/107      AC: 12    Str: 24    XL:     11   Next: 77%
Magic:  3/3        EV:  7    Int:  7    God:    Trog [*****.]
Gold:   605        SH:  5    Dex: 11    Spells: 10/10 levels left

rFire    + . .     SeeInvis .   l - +1 broad axe (antimagic)
rCold    . . .     Gourm    .   p - +1 buckler
rNeg     . . .     Faith    .   O - +0 plate armour
rPois    +         Spirit   .   (helmet restricted)
rElec    +         Reflect  .   v - scarf {cloud immunity}
rCorr    +         Harm     .   (no gloves)
MR       .....                  A - +0 pair of boots "Litse" {rElec rPois Int+3}
Stlth    ..........             (no amulet)
HPRegen  0.27/turn              u - ring of protection from fire
MPRegen  0.08/turn              x - ring of resist corrosion

@: berserk cooldown, slowed, very slow
A: retaliatory headbutt, horns 2
a: Berserk, Trog's Hand, Brothers in Arms, Renounce Religion


You were on level 11 of the Dungeon.
You worshipped Trog.
Trog was extremely pleased with you.
You were very hungry.

You visited 1 branch of the dungeon, and saw 11 of its levels.
You also visited: Sewer and Ossuary.

You collected 823 gold pieces.
You spent 218 gold pieces at shops.

Inventory:

Hand Weapons
 l - a +1 antimagic broad axe (weapon)
 H - a +4 war axe of chopping
Armour
 p - a +1 buckler (worn)
 v - a scarf of cloud immunity (worn)
 A - the +0 pair of boots "Litse" (worn) {rElec rPois Int+3}
   (You bought it in a shop on level 5 of the Dungeon)

   It affects your intelligence (+3).
   It insulates you from electricity.
   It protects you from poison.
 O - a +0 plate armour (worn)
Jewellery
 u - a ring of protection from fire (left hand)
 w - an uncursed ring of positive energy
 x - a ring of resist corrosion (right hand)
Wands
 f - a wand of clouds (5)
 L - a wand of paralysis (16)
Scrolls
 d - 5 scrolls of teleportation
 g - 3 scrolls of enchant weapon
 i - a scroll of fog {unknown}
 k - 4 scrolls of blinking
 o - a scroll of immolation
 y - 4 scrolls of remove curse
 B - 2 scrolls of magic mapping
 C - a scroll of noise {unknown}
 I - 7 scrolls of identify {unknown}
 J - a scroll of amnesia {unknown}
Potions
 b - a potion of berserk rage {unknown}
 e - a potion of degeneration {unknown}
 h - 3 potions of lignification {unknown}
 j - 5 potions of flight {unknown}
 m - 12 potions of curing {unknown}
 q - 2 potions of agility
 r - 3 potions of brilliance {unknown}
 t - 2 potions of haste {unknown}
 z - 2 potions of invisibility {unknown}
 D - a potion of magic {unknown}
 E - 2 potions of heal wounds
 F - 2 potions of cancellation {unknown}
 G - a potion of mutation {unknown}
 K - 2 potions of might {unknown}
Comestibles
 c - 23 rations


   Skills:
 + Level 13.0 Fighting
 * Level 17.1 Axes
 - Level 3.0 Armour
 - Level 3.0 Dodging
 - Level 4.0 Shields


You had 10 spell levels left.
You didn't know any spells.
Your spell library was empty.

Dungeon Overview and Level Annotations

Branches:
Dungeon (11/15)            Temple (0/1) D:6             Orc (0/2) D:10
   Lair: D:8-11

Altars:
Dithmenos
Fedhas
Hepliaklqana
Qazlal
Trog
Vehumet
Yredelemnul
Zin
The Shining One

Shops:
D:4 =   D:5 *[   D:8 =   D:9 }


Innate Abilities, Weirdness & Mutations

You reflexively headbutt those who attack you in melee.
You have a pair of horns on your head.


Message History

Your plate armour prevents you from hitting the death yak.
You feel a strong urge to attack something.
You are no longer berserk.
You are exhausted.
You feel yourself slow down.
You feel much better. The death yak gores you.
* * * LOW HITPOINT WARNING * * *
You slash the death yak!
You headbutt the death yak, but do no damage.
The death yak is severely wounded.
You hit the death yak. The death yak gores you.
* * * LOW HITPOINT WARNING * * *
The death yak gores you!
* * * LOW HITPOINT WARNING * * *
You feel much better. The death yak gores you!
* * * LOW HITPOINT WARNING * * *
The death yak gores you.
* * * LOW HITPOINT WARNING * * *
The death yak gores you!
You die...

......#
......##########
#.............#
#.............#
#.............#
#..........@Y.#
+..........YY.#
##.............###+#...
#..>..####'##...†......
#.....#.....#.†††......
#<....#.....#..........
#.....+.....#..........
#.....#######..........
.......... ....#+####+


You could see 3 death yaks.

Vanquished Creatures
  Erica (D:10)
  3 two-headed ogres
  5 death yaks (D:11)
  A centaur zombie (D:10)
  A troll (D:9)
  4 hippogriffs
  A spriggan (D:7)
  A vampire (D:9)
  Eustachio (D:4)
  8 orc warriors
  2 ice beasts
  3 sky beasts
  2 black bears
  2 necrophages
  3 phantoms
  7 ogres
  5 centaurs
  A big kobold (D:8)
  5 bullfrogs
  A water moccasin zombie (D:5)
  2 wyvern skeletons (D:7)
  2 scorpions
  3 wights (D:8)
  4 killer bees (D:8)
  3 howler monkeys (D:8)
  3 crimson imps
  A bullfrog zombie (D:8)
  2 hounds
  A quasit (D:7)
  9 orc priests
  A bullfrog skeleton (D:6)
  A jelly (D:10)
  2 gnoll shamans
  3 centaur skeletons
  8 iguanas
  8 orc wizards
  Natasha (thrice) (D:4)
  Terence (D:2)
  7 worker ants
  12 mummies (Ossuary)
  Robin (D:2)
  A worker ant zombie (D:8)
  19 gnolls
  7 adders
  3 oozes
  An adder skeleton (D:6)
  6 worms
  3 dart slugs
  8 leopard geckos
  63 orcs
  7 giant cockroaches
  5 hobgoblins
  31 jackals
  6 quokkas
  6 ball pythons
  12 bats
  14 frilled lizards
  24 goblins
  2 goblin skeletons (Ossuary)
  10 kobolds
  2 kobold skeletons (Ossuary)
  A leopard gecko skeleton (D:6)
  2 leopard gecko zombies
  3 orc skeletons (Ossuary)
  7 rats
  11 rat skeletons (Ossuary)
388 creatures vanquished.

Vanquished Creatures (others)
  A kobold skeleton (Ossuary)
1 creature vanquished.

Grand Total: 389 creatures vanquished

Notes
Turn   | Place    | Note
-------+----------+-------------------------------------------
     0 | D:1      | zishaf the Minotaur Berserker began the quest for the Orb.
     0 | D:1      | Reached XP level 1. HP: 19/19 MP: 0/0
   109 | D:1      | Reached XP level 2. HP: 15/27 MP: 1/1
   463 | D:1      | Reached skill level 4 in Axes
   501 | D:1      | Reached ** piety under Trog
   718 | D:2      | Reached XP level 3. HP: 9/33 MP: 2/2
   719 | D:2      | Reached XP level 4. HP: 7/41 MP: 3/3
  1167 | D:2      | Noticed Terence
  1168 | D:2      | Noticed Robin
  1172 | D:2      | Reached skill level 5 in Axes
  1182 | D:2      | Killed Terence
  1189 | D:2      | Reached XP level 5. HP: 47/47 MP: 4/4
  1190 | D:2      | Killed Robin
  1314 | D:2      | Reached *** piety under Trog
  1435 | D:2      | Found a basalt altar of Yredelemnul.
  1673 | D:3      | Reached skill level 5 in Fighting
  1680 | D:3      | Found a hazy altar of Hepliaklqana.
  1702 | D:3      | Reached skill level 6 in Axes
  2250 | D:3      | Reached **** piety under Trog
  2697 | D:4      | Noticed an ogre
  2703 | D:4      | Reached skill level 1 in Shields
  2703 | D:4      | Reached XP level 6. HP: 48/56 MP: 5/5
  2882 | D:4      | Found Huleyriz's Jewellery Shoppe.
  3000 | D:4      | Noticed Natasha
  3007 | D:4      | Killed Natasha
  3082 | D:4      | Noticed Eustachio
  3089 | D:4      | Killed Eustachio
  3089 | D:4      | Reached skill level 7 in Axes
  3089 | D:4      | Reached XP level 7. HP: 62/62 MP: 6/6
  3509 | D:4      | Noticed Natasha
  3518 | D:4      | Killed Natasha
  3535 | D:4      | Noticed Natasha
  3540 | D:4      | Killed Natasha
  3546 | D:4      | Found Huleyriz's Jewellery Shoppe.
  4094 | D:5      | Entered Level 5 of the Dungeon
  4268 | D:5      | Found Ohenog's Assorted Antiques.
  4281 | D:5      | Reached skill level 8 in Axes
  4305 | D:5      | Reached ***** piety under Trog
  4534 | D:5      | Found Kurar's Antique Armour Shoppe.
  4537 | D:5      | Bought a pair of faintly glowing boots for 218 gold pieces
  4819 | D:6      | Reached XP level 8. HP: 71/71 MP: 7/7
  4904 | D:6      | Received a gift from Trog
  4909 | D:6      | Reached skill level 9 in Axes
  4969 | D:6      | Found a glowing drain.
  4993 | Sewer    | Entered a sewer
  5548 | D:6      | Found a faded altar of an unknown god.
  5548 | D:6      | Found a glowing silver altar of Zin.
  5553 | D:6      | Found a glowing golden altar of the Shining One.
  5555 | D:6      | Found a faded altar of an unknown god.
  5556 | D:6      | Found a radiant altar of Vehumet.
  5588 | D:6      | Identified the +0 pair of boots "Litse" {rElec rPois Int+3} (You bought it in a shop on level 5 of the Dungeon)
  5620 | D:6      | Reached skill level 10 in Axes
  5823 | D:6      | Found a staircase to the Ecumenical Temple.
  6090 | D:7      | Found a sand-covered staircase.
  6104 | D:7      | Reached skill level 11 in Axes
  6109 | D:7      | Reached XP level 9. HP: 79/82 MP: 8/8
  6118 | Ossuary  | Entered an ossuary
  6235 | Ossuary  | Received a gift from Trog
  6580 | D:7      | Got an encrusted flail
  6802 | D:7      | Found a shadowy altar of Dithmenos.
  6815 | D:7      | Reached skill level 12 in Axes
  7409 | D:8      | Found a stormy altar of Qazlal.
  7474 | D:8      | Reached skill level 13 in Axes
  7552 | D:8      | Reached skill level 10 in Fighting
  7622 | D:8      | Found Purokk's Jewellery Shop.
  7622 | D:8      | Noticed a two-headed ogre
  7628 | D:8      | Killed a two-headed ogre
  7628 | D:8      | Reached XP level 10. HP: 88/93 MP: 9/9
  7648 | D:8      | Got a polished great mace
  7843 | D:8      | Got an ancient trident {pierce}
  7872 | D:8      | Reached skill level 14 in Axes
  7947 | D:8      | Noticed a two-headed ogre
  7948 | D:8      | Found a bloodstained altar of Trog.
  7952 | D:8      | Killed a two-headed ogre
  8475 | D:9      | Identified the cursed +1 flail of Ewouwka {chaos, rN+ Int+5 Dex-3} (You found it on level 7 of the Dungeon)
  8484 | D:9      | Identified the cursed +3 great mace "Gram" {crush, rF++ rN+ Dex-4} (You found it on level 8 of the Dungeon)
  8486 | D:9      | Identified the cursed +0 trident of Exquisite Torment {pierce, rElec rC+ MP+9} (You took it off a kobold on level 8 of the Dungeon)
  8724 | D:9      | Found a blossoming altar of Fedhas.
  8764 | D:9      | Found Asull's Gadget Shop.
  8836 | D:9      | Reached skill level 15 in Axes
  8892 | D:9      | Noticed a two-headed ogre
  8898 | D:9      | Killed a two-headed ogre
  9523 | D:10     | Entered Level 10 of the Dungeon
  9530 | D:10     | Reached XP level 11. HP: 89/103 MP: 10/10
  9758 | D:10     | Received a gift from Trog
  9810 | D:10     | Noticed Erica
  9822 | D:10     | Killed Erica
  9822 | D:10     | Reached skill level 16 in Axes
 10432 | D:10     | Found a staircase to the Orcish Mines.
 10507 | D:11     | Noticed a death yak
 10510 | D:11     | Noticed a death yak
 10512 | D:11     | Noticed a death yak
 10516 | D:11     | Noticed a death yak
 10517 | D:11     | Noticed a death yak
 10518 | D:11     | Noticed a death yak
 10520 | D:11     | Noticed a death yak
 10523 | D:11     | Noticed a death yak
 10524 | D:11     | Killed a death yak
 10528 | D:11     | Killed a death yak
 10528 | D:11     | Killed a death yak
 10529 | D:11     | Killed a death yak
 10529 | D:11     | Reached skill level 17 in Axes
 10532 | D:11     | HP: 3/157 [death yak (14)]
 10533 | D:11     | Killed a death yak
 10538 | D:11     | HP: 3/107 [death yak (16)]
 10539 | D:11     | Slain by a death yak

Vault maps used:
D:1:      minmay_arrival_hallway
D:2:      lemuel_doored_altar, kennysheep_generic_room_3, uniq_robin,
          uniq_terence
D:3:      overflow_temple_1_default
D:4:      serial_shops, shop_statue, uniq_natasha, uniq_eustachio
D:5:      serial_shops, nicolae_shop_behind_doors, nicolae_shop_window_shopping,
          first_ration, minmay_hedge_maze
D:6:      chequers_temple_overflow_minitemple, minmay_temple_entry_fiery,
          cheibrodos_sewer_entry_bend
D:7:      nicolae_ossuary_entry_plus, the_bakery, grunt_dithmenos_smoke
D:8:      kennysheep_mini, serial_shops,
          nicolae_shop_competitors_out_of_business, trog_butcher_becter
D:9:      serial_shops, nicolae_shop_behind_doors, special_room, fedhas_altar_3
D:10:     david_orc_4, uniq_erica
D:11:     dpeg_lair_monsters, serial_shops, kennysheep_little_box
Sewer:    sewer_frog_island_01
Ossuary:  ossuary_due_small_catacomb

Skill      XL: |  1  2  3  4  5  6  7  8  9 10 11 |
---------------+----------------------------------+-----
Fighting       | 4 5 6 8 10 11 13 | 13.0
Axes           | 4 5 6 7 8 11 13 15 17 | 17.1
Armour         | 3 |  3.0
Dodging        | 3 |  3.0
Shields        | 1 3 4 |  4.0

Action                   |  1- 3 |  4- 6 |  7- 9 | 10-12 || total
-------------------------+-------+-------+-------+-------++-------
Melee: Hand axe          |    50 |   162 |   266 |       ||   478
       Headbutt          |     7 |    28 |    85 |    37 ||   157
       War axe           |       |       |   104 |   172 ||   276
       Broad axe         |       |       |       |    68 ||    68
Invok: Berserk           |     1 |     4 |       |     5 ||    10
  Use: Scroll            |       |     2 |     6 |     3 ||    11
       Potion            |       |       |       |     2 ||     2
  Eat: Chunk             |       |    11 |    12 |    13 ||    36
       Ration            |       |       |     1 |       ||     1
Armor: Animal skin       |    13 |       |       |       ||    13
       Scale mail        |     8 |    55 |    97 |     9 ||   169
       Plate armour      |       |       |       |    79 ||    79
Dodge: Dodged            |    44 |    80 |   128 |    47 ||   299
Block: Buckler           |       |     5 |    67 |    20 ||    92

Table legend:
 A = Spawn XP
 B = Non-spawn XP
 C = Spawn XP percentage of total XP
 D = Spawn monster count
 E = Non-spawn monster count
 F = Spawn count percentage of total count
 G = Total turns spent on level
                    A         B        C        D         E        F      G
               +---------+---------+-------+---------+---------+-------+---------
         Total |       0 |   19418 |   0.0 |       0 |     388 |   0.0 | 10539
               +---------+---------+-------+---------+---------+-------+---------
           D:1 |       0 |      40 |   0.0 |       0 |      26 |   0.0 |   976
           D:2 |       0 |     201 |   0.0 |       0 |      46 |   0.0 |   693
           D:3 |       0 |     129 |   0.0 |       0 |      36 |   0.0 |  1072
           D:4 |       0 |     547 |   0.0 |       0 |      19 |   0.0 |  1353
           D:5 |       0 |     500 |   0.0 |       0 |      23 |   0.0 |   718
           D:6 |       0 |     939 |   0.0 |       0 |      50 |   0.0 |   829
           D:7 |       0 |    1494 |   0.0 |       0 |      24 |   0.0 |   851
           D:8 |       0 |    3854 |   0.0 |       0 |      39 |   0.0 |  1247
           D:9 |       0 |    2582 |   0.0 |       0 |      36 |   0.0 |  1062
          D:10 |       0 |    4067 |   0.0 |       0 |      34 |   0.0 |   970
          D:11 |       0 |    4614 |   0.0 |       0 |       6 |   0.0 |    46
         Sewer |       0 |     227 |   0.0 |       0 |      19 |   0.0 |   423
       Ossuary |       0 |     224 |   0.0 |       0 |      30 |   0.0 |   299
               +---------+---------+-------+---------+---------+-------+---------
